cohdb
Replays
Latest Replays
All Replays
Popular Replays
Top Player Replays
Match Explorer
How It Works
Community
CoH3 Stats
Reddit
Sign in to upload your games and track your stats! →
Sign in with Steam
Match 37950684
Unlisted
Match 37950684
Overview
Messages
Build Orders
End
Kradschützen Motorcycle Team
Panzerpioneer Squad
250 Light Carrier
Construct Light Support Kompanie
Combat Half-tracks
MG34 Team
Selects Italian Infantry
Selects Defensive Operations
Fire Support Elements
Flakvierling Half-track
Panzerjäger Mechanized Group
Vehicle Survival Package
Selects Guastatori Squad
Guastatori Squad
Panzerpioneer Squad
Construct Panzerarmee Kommand
Selects L6/40 Light Tank Combat Group
Flak 36 Anti-tank Gun Team
Selects Towed Cannone da 105/28 Field Howitzer
Towed Cannone da 105/28 Field Howitzer
Guastatori Squad
Selects Prepared Positions
Flak 36 Anti-tank Gun Team
Panzer III L Medium Tank
Panzer III L Medium Tank
Panzerpioneer Squad
Guastatori Squad
Rapid Advance
Boneless
rmsi
BazookaJoe
STALKER4732
kit.ohume
Devochkin
0
0
Comments
sign in to comment!
No comments posted yet!